 Seeded DCSS version 0.29.1-15-g9cfb28693d (webtiles) character file.

Game seed: 5852750519012672489 (custom seed)

103 Twinkles the Conjurer (level 4, 0/23 HPs)
             Began as a Vine Stalker Conjurer on June 1, 2023.
             Slain by Pargi (2 damage)
             ... in a sewer.
             The game lasted 00:06:17 (1966 turns).

Twinkles the Conjurer (Vine Stalker Conjurer)       Turns: 1966, Time: 00:06:18

Health: 0/23       AC:  2    Str:  9    XL:     4   Next: 79%
Magic:  0/10       EV: 12    Int: 20    God:
Gold:   41         SH:  0    Dex: 13    Spells: 8/9 levels left

rFire   . . .      SeeInvis .   (no weapon)
rCold   . . .      Faith    .   (no shield)
rNeg    . . .      Spirit   +   a - +0 robe
rPois   .          Reflect  .   (no helmet)
rElec   .          Harm     .   (no cloak)
rCorr   .          Rampage  .   (no gloves)
Will    .....                   (no boots)
Stlth   ++........              (no amulet)
HPRegen 0.87/turn               (no ring)
MPRegen 0.12/turn               (no ring)

@: very slightly contaminated
A: fangs 2, regeneration 1, magic shield, antimagic bite, no potion heal 2
a: no special abilities


You were in a sewer.
You visited 1 branch of the dungeon, and saw 3 of its levels.
You also visited: Sewer.

You collected 41 gold pieces.

Inventory:

Armour
 a - a +0 robe (worn)
Scrolls
 c - a scroll of identify {unknown}
 d - a scroll of poison {unknown}
 e - a scroll of magic mapping {unknown}
 f - a scroll of vulnerability {unknown}
 g - a scroll of noise {unknown}
 i - a scroll of fog {unknown}
Potions
 b - a potion of magic
 h - 2 potions of brilliance {unknown}


   Skills:
 + Level 2.0 Fighting
 - Level 1.5 Dodging
 - Level 2.4 Stealth
 + Level 3.3 Spellcasting
 + Level 4.7 Conjurations


You had 8 spell levels left.
You knew the following spells:

 Your Spells              Type           Power      Damage    Failure   Level
a - Magic Dart            Conj           88%        1d7       1%          1

Your spell library contained the following spells:

 Spells                   Type           Power      Damage    Failure   Level
 Searing Ray              Conj           44%        2d6       3%          2
 Dazzling Flash           Conj/Hex       24%        N/A       16%         3
 Fulminant Prism          Conj/Hex       6%         3d7       45%         4
 Iskenderun's Mystic Bla  Conj/Tloc      12%        2d5       45%         4


Dungeon Overview and Level Annotations

Branches:
Dungeon (2/15)              Sewer (1/1)

Altars:

Annotations:
Sewer Pargi


Innate Abilities, Weirdness & Mutations

You have extremely sharp teeth.
Your natural rate of healing is unusually fast.
When hurt, damage is shared between your health and your magic reserves.
Your bite disrupts and absorbs the magic of your enemies.
Potions cannot restore your health.


Message History

The magic dart hits Pargi.
Pargi is moderately wounded.
Pargi bites you but does no damage. Pargi misses you. Pargi closely misses you.
Aiming: Magic Dart (safe; 1% risk of failure)
Press: ? - help, Q - select action Shift-Dir - straight line, f/p - Pargi
Aim: Pargi (moderately wounded, 100% to hit)
The magic dart hits Pargi but does no damage.
Pargi is moderately wounded.
Pargi bites you. Pargi barely misses you. Pargi closely misses you.
Aiming: Magic Dart (safe; 1% risk of failure)
Press: ? - help, Q - select action Shift-Dir - straight line, f/p - Pargi
Aim: Pargi (moderately wounded, 100% to hit)
The magic dart hits Pargi.
Pargi is moderately wounded.
Pargi bites you. Pargi claws you. x2
Aiming: Magic Dart (safe; 1% risk of failure)
Press: ? - help, Q - select action Shift-Dir - straight line, f/p - Pargi
Aim: Pargi (moderately wounded, 100% to hit)
You miscast Magic Dart.
You are very lightly contaminated with residual magic.
Nothing appears to happen.
Pargi barely misses you. Pargi claws you. Pargi barely misses you.
Aiming: Magic Dart (safe; 1% risk of failure)
Press: ? - help, Q - select action Shift-Dir - straight line, f/p - Pargi
Aim: Pargi (lightly wounded, 100% to hit)
The magic dart hits Pargi.
Pargi is moderately wounded.
Pargi bites you. Pargi claws you.
* * * LOW HITPOINT WARNING * * *
Pargi completely misses you.
You don't have enough magic to cast this spell.
You don't have enough magic to cast this spell.
You hit Pargi. Your bite misses Pargi.
Pargi is moderately wounded.
Pargi bites you.
* * * LOW HITPOINT WARNING * * *
Pargi claws you.
* * * LOW HITPOINT WARNING * * *
Pargi claws you.
You die...

#.......# #.......#
#.......# #..T..#
#.# ####### #!#
##.....## #.#
##...≈...##
#.#######...≈≈≈...##
#......T@..≈≈≈≈≈.∩∩#
#.#######..†≈≈≈...##
#.# ##...≈...## #.#
##.....## #†#
####### #.# #.# #∩


You could see Pargi.

Vanquished Creatures
  A hound (D:4)
  2 adders
  A river rat (D:4)
  A worm (D:4)
  A dart slug (D:1)
  3 ball pythons
  8 bats
  6 endoplasms
  2 giant cockroaches
  4 goblins
  2 hobgoblins
  2 kobolds (D:1)
  2 quokkas
  A frilled lizard (D:2)
  5 rats
41 creatures vanquished.

Notes
Turn   | Place    | Note
-------+----------+-------------------------------------------
     0 | D:1      | Twinkles the Vine Stalker Conjurer began the quest for the
                  | Orb.
     0 | D:1      | Reached XP level 1. HP: 9/9 MP: 4/4
   330 | D:1      | Reached XP level 2. HP: 14/14 MP: 3/6
   807 | D:1      | Reached skill level 1 in Fighting
  1253 | D:2      | Reached XP level 3. HP: 18/18 MP: 5/8
  1657 | D:2      | Found a faded altar of an unknown god.
  1675 | D:2      | You fall into a shaft and drop 2 floors!
  1707 | D:4      | Gained mutation: Your natural rate of healing is unusually
                  | fast. [Vine Stalker growth]
  1707 | D:4      | Reached XP level 4. HP: 12/23 MP: 0/9
  1875 | D:4      | Found a glowing drain.
  1879 | Sewer    | Entered a sewer
  1942 | Sewer    | Noticed Pargi
  1966 | Sewer    | Slain by Pargi

Illustrated notes

Levels and vault maps discovered:
D:1:      dpeg_arrival_rooms_a, layout_basic, serial_forest,
          infiniplex_forest_end_double, infiniplex_forest_end_2,
          infiniplex_forest_lined_2, infiniplex_forest_straight_4,
          infiniplex_forest_lined_room_2, infiniplex_forest_clump_small,
          infiniplex_forest_straight_5, infiniplex_forest_straight_5
D:2:      layout_loops_ring, chequers_ecumenical_altar_island,
          kennysheep_generic_room_6
D:4:      layout_cave_pools, gup_sewer_entry_spiral
Sewer:    sewer_big_baddie

Skill      XL: |  1  2  3  4 |
---------------+-------------+-----
Fighting       | 1 2 |  2.0
Spellcasting   | 3 |  3.3
Dodging        | |  1.5
Stealth        | |  2.4
Conjurations   | |  4.7

Action                   |  1- 3 |  4- 6 || total
-------------------------+-------+-------++-------
Melee: Unarmed           |    10 |    30 ||    40
       Bite              |     2 |     5 ||     7
       Punch             |     2 |       ||     2
 Cast: Magic Dart        |    59 |    25 ||    84
Armor: Robe              |       |    17 ||    17
Dodge: Dodged            |    14 |    35 ||    49
